Map: Dusk Towers

Players

LilDicky

  • Race: Terran Terran
  • League: Diamond

Chaldi - Winner!

  • Race: Zerg Zerg
  • League: Diamond

VOD

http://www.twitch.tv/tumescentpie

Description

Time

  • Played on: Jan. 2, 2016, 11:27 a.m.
  • Length: 17:01
Show
View Real Time Build Order
Export as new Build Order

LilDicky Terran 

Build Orders: Command Center First (CC) 

Get SALT Encoding   

  12  0:01  SCV  
  13  0:13  SCV  
  14  0:17  Supply Depot  
  14  0:25  SCV  
  15  0:42  SCV  
  16  0:58  Command Center  
  16  1:02  SCV  
  17  1:13  Barracks  
  17  1:15  SCV  
  18  1:28  SCV  
  19  1:41  SCV  
  20  1:53  SCV  
  21  2:00  Command Center  
  21  2:01  Supply Depot  
  21  2:04  Marine  
  22  2:11  Orbital Command  
  22  2:20  Orbital Command  
  22  2:28  Refinery  
  22  2:35  Marine  
  23  2:38  SCV  
  24  2:54  SCV, Refinery  
  25  2:59  SCV  
  25  3:02  Marine  
  27  3:08  Engineering Bay  
  27  3:09  SCV  
  28  3:19  SCV  
  29  3:20  Marine  
  30  3:29  SCV  
  30  3:32  Command Center  
  31  3:34  SCV  
  31  3:35  Planetary Fortress  
  32  3:50  SCV x2  
  34  3:58  Factory  
  34  4:01  Refinery  
  34  4:02  SCV x2, Refinery  
  36  4:11  SCV  
  37  4:18  SCV  
  37  4:19  SCV  
  37  4:23  SCV  
  40  4:30  SCV, Marine  
  42  4:33  SCV  
  42  4:35  SCV  
  44  4:42  Command Center, SCV  
  44  4:44  Refinery x2  
  45  4:47  Marine  
  45  4:48  SCV  
  45  4:50  Factory Tech Lab  
  45  4:52  SCV  
  48  4:53  Starport  
  48  5:00  Planetary Fortress  
  48  5:01  Missile Turret  
  48  5:03  SCV x2  
  48  5:05  Marine  
  51  5:09  SCV  
  52  5:14  Siege Tank  
  52  5:15  SCV  
  52  5:16  SCV  
  52  5:21  SCV  
  58  5:25  Missile Turret  
  58  5:27  Missile Turret  
  58  5:29  Missile Turret  
  58  5:30  Missile Turret x2  
  58  5:31  Hi-Sec Auto Tracking  
  58  5:32  Viking  
  60  5:36  SCV x3  
  60  5:41  SCV  
  64  5:47  Missile Turret  
  64  5:49  Liberator  
  65  5:50  SCV x3  
  65  5:51  Engineering Bay  
  65  5:53  SCV  
  65  5:55  Siege Tank  
  71  6:00  Orbital Command  
  71  6:02  SCV  
  75  6:18  SCV  
  76  6:21  Missile Turret  
  76  6:23  Missile Turret  
  76  6:25  SCV x2, Missile Turret  
  62  6:56  Marine  
  65  7:01  Orbital Command  
  57  7:14  Marine  
  53  7:16  Orbital Command  
  53  7:18  Liberator  
  48  7:31  Command Center  
  48  7:34  Command Center x2  
  46  7:53  Factory Tech Lab  
  45  8:01  Liberator  
  46  8:05  SCV  
  46  8:13  Supply Depot  
  46  8:14  Supply Depot  
  46  8:15  Supply Depot  
  49  8:22  Siege Tank  
  51  8:29  Refinery  
  51  8:30  Refinery  
  51  8:46  Planetary Fortress x2  
  51  8:50  Liberator  
  51  8:54  Barracks, Orbital Command  
  49  9:06  Siege Tank  
  49  9:08  SCV x2  
  57  9:17  SCV x2, Missile Turret  
  57  9:19  Missile Turret  
  57  9:20  SCV x2  
  61  9:25  Command Center  
  61  9:28  Command Center  
  61  9:30  Missile Turret x2  
  61  9:31  Building Armor  
  61  9:43  Marine  
  62  9:50  Factory  
  62  9:51  Factory  
  62  9:57  Siege Tank  
  65  10:09  SCV  
  66  10:24  SCV  
  66  10:25  SCV  
  68  10:42  Hellion x2  
  72  10:46  Liberator  
  66  11:03  Hellion  
  66  11:04  Hellion  
  70  11:05  Planetary Fortress x2  
  70  11:09  Marine  
  67  11:21  SCV  
  67  11:27  Siege Tank  
  67  11:29  Liberator, Widow Mine x2  
  74  11:33  SCV  
  74  11:37  Missile Turret  
  73  11:45  SCV  
  75  11:48  Marine  
  76  11:57  SCV, Widow Mine x2  
  76  11:58  Widow Mine  
  76  12:00  Missile Turret  
  76  12:01  Command Center  
  83  12:02  Missile Turret x2  
  83  12:03  Missile Turret x3  
  83  12:04  Refinery  
  83  12:09  SCV  
  83  12:13  Command Center  
  84  12:20  Marine  
  84  12:21  Refinery  
  85  12:23  Missile Turret  
  85  12:24  Armory, Missile Turret  
  85  12:26  Armory  
  85  12:27  Command Center  
  85  12:29  Missile Turret  
  85  12:38  Marine  
  80  12:47  Refinery  
  80  12:50  Refinery  
  80  12:51  Refinery  
  80  12:53  Refinery  
  80  12:55  Factory Tech Lab, Factory Reactor  
  80  12:57  Marine  
  81  12:59  Starport Reactor  
  81  13:00  Missile Turret  
  81  13:01  Siege Tank  
  81  13:02  Missile Turret  
  84  13:10  Factory  
  84  13:11  Factory  
  84  13:13  Missile Turret  
  84  13:16  Missile Turret  
  84  13:17  Missile Turret  
  84  13:22  Missile Turret  
  84  13:30  Orbital Command  
  84  13:32  Missile Turret  
  84  13:33  Missile Turret  
  84  13:34  Terran Vehicle And Ship Armor Level 1, Siege Tank  
  87  13:39  Terran Vehicle Weapons Level 1  
  87  13:40  Armory  
  87  13:45  Siege Tank  
  87  13:46  Fusion Core, Widow Mine x2  
  87  13:48  Drilling Claws  
  94  14:00  Planetary Fortress, Missile Turret  
  94  14:02  Missile Turret  
  94  14:06  Siege Tank  
  97  14:12  SCV x4  
  97  14:14  Widow Mine x2  
  105  14:17  Widow Mine  
  105  14:18  Liberator  
  107  14:24  SCV  
  107  14:25  Liberator  
  107  14:30  Factory Tech Lab x2  
  108  14:36  SCV  
  108  14:38  Siege Tank  
  115  14:40  SCV  
  115  14:42  Starport  
  115  14:44  Hellion x2  
  123  14:46  Hellion  
  117  15:00  Orbital Command  
  117  15:03  Thor  
  117  15:04  Hellion  
  117  15:05  Hellion  
  127  15:13  Refinery x2  
  127  15:18  Viking  
  129  15:25  Viking  
  106  15:50  Widow Mine x2  
  106  15:51  Thor x2  
  111  16:01  Starport Reactor  
  111  16:06  Viking  
Show
View Real Time Build Order
Export as new Build Order

Chaldi Zerg - Winner!

Build Orders: Hatch First 

Get SALT Encoding   

  12  0:02  Drone  
  13  0:12  Overlord  
  13  0:17  Drone  
  14  0:24  Drone, Extractor  
  15  0:30  Drone  
  15  0:34  Drone  
  17  0:47  Drone  
  18  0:58  Hatchery  
  18  0:59  Drone  
  18  1:12  Spawning Pool, Extractor  
  18  1:15  Drone  
  18  1:18  Drone  
  18  1:28  Drone  
  19  1:39  Overlord  
  19  1:53  Drone  
  20  1:58  Queen  
  20  2:01  Zergling x2  
  23  2:11  Zergling x2  
  23  2:12  Queen  
  23  2:13  Drone  
  27  2:21  Metabolic Boost  
  27  2:26  Drone  
  27  2:27  Drone  
  29  2:38  Drone  
  29  2:39  Drone  
  29  2:40  Queen  
  29  2:42  Overlord  
  33  2:45  Drone  
  34  2:56  Overlord  
  34  2:57  Drone  
  35  3:00  Queen  
  35  3:04  Drone  
  38  3:07  Drone  
  39  3:13  Drone x3  
  42  3:21  Extractor  
  42  3:23  Extractor  
  42  3:25  Lair  
  42  3:26  Extractor  
  39  3:28  Spore Crawler  
  39  3:31  Drone x5  
  42  3:47  Drone  
  42  3:48  Evolution Chamber  
  42  3:49  Evolution Chamber  
  42  3:50  Roach Warren  
  39  3:56  Drone x4  
  44  4:02  Drone  
  44  4:03  Baneling Nest  
  44  4:04  Drone  
  44  4:12  Evolution Chamber  
  44  4:13  Drone  
  44  4:15  Drone  
  45  4:19  Zerg Missile Weapons Level 1  
  45  4:26  Drone x3  
  48  4:32  Zerg Ground Armor Level 1  
  48  4:36  Glial Reconstitution  
  48  4:40  Zerg Melee Weapons Level 1  
  48  4:43  Drone  
  49  4:46  Roach  
  49  4:51  Overlord  
  51  4:56  Overlord x2  
  51  5:06  Overlord  
  51  5:07  Overseer  
  51  5:12  Roach x4  
  59  5:19  Roach  
  59  5:20  Roach x2  
  65  5:26  Roach x2  
  69  5:32  Roach x2  
  69  5:33  Roach  
  75  5:39  Roach x2  
  75  5:42  Drone  
  80  5:44  Drone x2  
  80  5:45  Drone  
  83  5:50  Ravager  
  83  5:56  Overlord x3  
  84  6:08  Overlord  
  84  6:09  Overlord  
  84  6:21  Ravager x4  
  84  6:22  Zergling x10  
  84  6:23  Roach  
  95  6:41  Extractor  
  95  6:42  Hatchery  
  95  6:45  Extractor  
  87  6:53  Roach x4, Zergling x6  
  88  7:07  Roach x2, Zergling x4  
  92  7:20  Drone x4  
  91  7:34  Roach x2  
  92  7:37  Zerg Missile Weapons Level 2  
  87  7:55  Roach x4, Zergling x6  
  98  8:06  Infestation Pit  
  98  8:07  Drone  
  98  8:09  Overlord x5  
  98  8:10  Spire  
  93  8:34  Roach  
  93  8:35  Roach x5  
  94  9:20  Ravager x2  
  94  9:22  Hatchery  
  94  9:23  Extractor  
  94  9:24  Ravager x2  
  96  9:25  Drone x6, Extractor  
  96  9:26  Drone x4  
  105  9:35  Zerg Flyer Weapons Level 1  
  105  9:37  Overlord  
  105  9:38  Mutalisk x7  
  107  9:44  Hatchery  
  118  9:52  Drone x4  
  122  9:53  Drone x4  
  122  9:57  Roach x2  
  122  9:58  Roach x2  
  134  10:01  Roach  
  134  10:02  Zergling x4  
  134  10:06  Queen  
  140  10:07  Overlord  
  140  10:18  Mutalisk x3  
  146  10:34  Roach x2  
  146  10:35  Roach  
  152  10:39  Infestation Pit  
  128  11:17  Hive  
  121  11:19  Drone x3  
  121  11:21  Drone x3  
  121  11:22  Drone x6  
  121  11:23  Drone x2  
  121  11:27  Drone x5  
  121  11:28  Drone  
  116  11:36  Overlord x2  
  116  11:37  Overlord  
  116  11:38  Overlord  
  116  11:39  Pneumatized Carapace  
  116  11:49  Spine Crawler  
  116  11:50  Spire  
  116  11:52  Drone x2  
  116  11:54  Extractor  
  116  11:55  Extractor  
  116  11:57  Spore Crawler, Spine Crawler x2  
  116  11:58  Drone x4  
  116  11:59  Overlord  
  116  12:00  Drone  
  116  12:01  Drone x2  
  118  12:14  Drone x2  
  120  12:21  Zerg Melee Weapons Level 2  
  120  12:23  Zerg Ground Armor Level 2  
  120  12:48  Corruptor x3  
  120  12:49  Corruptor x5  
  120  12:51  Corruptor  
  132  12:53  Greater Spire  
  134  13:01  Drone x4  
  134  13:02  Drone  
  134  13:03  Viper x3  
  134  13:04  Viper x3  
  157  13:06  Corruptor  
  157  13:07  Corruptor x2  
  157  13:08  Extractor  
  157  13:09  Hatchery  
  157  13:12  Extractor  
  160  13:17  Queen  
  160  13:18  Overlord x2  
  162  13:34  Overseer x3  
  162  13:45  Ultralisk Cavern  
  161  13:59  Corruptor x3  
  167  14:03  Corruptor x2  
  171  14:14  Zerg Flyer Armor Level 1  
  171  14:17  Zerg Flyer Weapons Level 2  
  171  14:20  Brood Lord x5  
  171  14:21  Brood Lord x2  
  171  14:22  Corruptor, Zergling x4  
  171  14:23  Roach x3, Zergling x6  
  199  14:24  Zergling x2  
  199  14:41  Drone  
  200  15:16  Overseer  
  192  15:59  Roach x2  
  182  16:18  Ultralisk x4  
Tags
 
Add a new tag
Caveats
  • Supply blocks, unpowered buildings, or Contaminate may cause inaccurate times.
  • Supply counts are checked every 10 seconds.